 Dungeon Crawl Stone Soup version 0.31-a0-361-g0f8bd3a31e (webtiles) character file.

Game seed: 1378776037063150799

47 Locuples the Shield-Bearer (level 3, -4/30 HPs)
             Began as a Formicid Fighter on July 27, 2023.
             Slain by a gnoll
             ... wielding a +0 flail
              (7 damage)
             ... on level 2 of the Dungeon.
             The game lasted 00:01:45 (914 turns).

Locuples the Shield-Bearer (Formicid Fighter)        Turns: 914, Time: 00:01:46

Health: -4/30      AC:  7    Str: 22    XL:     3   Next: 97%
Magic:  3/3        EV:  9    Int:  7    God:
Gold:   26         SH:  5    Dex: 13    Spells: 2/2 levels left

rFire   . . .        a - +0 war axe
rCold   . . .        c - +0 buckler
rNeg    . . .        b - +0 scale mail
rPois   .            (helmet unavailable)
rElec   .            (no cloak)
rCorr   .            (no gloves)
SInv    +            (no boots)
Will    .....        (no amulet) Stlth
                     (no ring)
HPRegen 0.25/turn    (no ring)
MPRegen 0.08/turn

%: no passive effects
@: no status effects
A: permanent stasis, dig shafts and tunnels, antennae 3, four strong arms
a: Dig, Shaft Self


You were on level 2 of the Dungeon.
You visited 1 branch of the dungeon, and saw 2 of its levels.

You collected 26 gold pieces.

Inventory:

Hand Weapons
 a - a +0 war axe (weapon)
Armour
 b - a +0 scale mail (worn)
 c - a +0 buckler (worn)
Scrolls
 e - a scroll of vulnerability {unknown}
 h - a scroll of noise {unknown}
 j - a scroll of fear {unknown}
Potions
 d - a potion of might
 f - 2 potions of curing {unknown}
 g - 2 potions of lignification {unknown}
 i - 2 potions of magic {unknown}
 k - a potion of haste {unknown}
 l - a potion of enlightenment {unknown}


   Skills:
 * Level 3.9 Fighting
 + Level 2.4 Axes
 + Level 3.8 Armour
 + Level 0.3 Dodging
 + Level 4.3 Shields


You had 2 spell levels left.
You didn't know any spells.
Your spell library was empty.

Dungeon Overview and Level Annotations

Branches:
Dungeon (2/15)

Altars:


Innate Abilities, Weirdness & Mutations

You cannot be hasted, slowed, berserked, paralysed or teleported.
You can dig through walls and to a lower floor.
You have a pair of large antennae on your head. (SInv)
Your four strong arms can wield two-handed weapons with a shield.


Message History

The gnoll shouts!
The gnoll throws a throwing net.
The throwing net hits you.
You become entangled in the net!
A gnoll comes into view. It is wielding a +0 flail.
You see here a throwing net.
The gnoll shouts!
A gnoll comes into view. It is wielding a +0 whip.
You struggle against the net.
The gnoll shouts!
A gnoll comes into view. It is wielding a +0 flail.
You tear a large gash into the net.
The gnoll shouts!
The gnoll hits you with a +0 flail.
You rip the net and break free!
The gnoll hits you but does no damage.
You hit the gnoll.
The gnoll is lightly wounded.
You hit the gnoll. The gnoll barely misses you.
The gnoll hits you with a +0 club.
You slash the gnoll!
The gnoll is severely wounded.
You slash the gnoll! The gnoll hits you with a +0 flail.
The gnoll barely misses you.
The gnoll hits you but does no damage. x2
You barely miss the gnoll.
The gnoll is severely wounded.
You barely miss the gnoll. x2; The gnoll barely misses you.
The gnoll misses you.
You closely miss the gnoll. You barely miss the gnoll.
You completely miss the gnoll. You hit the gnoll.
The gnoll hits you with a +0 flail. The gnoll hits you but does no damage.
The gnoll barely misses you. The gnoll hits you with a +0 flail.
You hit the gnoll.
The gnoll is lightly wounded.
You hit the gnoll. You closely miss the gnoll. x2
The gnoll hits you but does no damage. The gnoll hits you with a +0 whip!
* * * LOW HITPOINT WARNING * * *
The gnoll hits you with a +0 club.
* * * LOW HITPOINT WARNING * * *
You block the gnoll's attack. The gnoll closely misses you.
The gnoll hits you with a +0 flail!
You die...

#......# #.......#
#......# #..........
#......####.......###
+...............)...
#......#######....###
#......# .........
#......# ?.........
#......#......
###..g@...# #..ggg..#
...........#
.............
.......#######
.).....' .......
.......


You could see 4 gnolls.

Vanquished Creatures
  Natasha (D:2)
  A dart slug (D:1)
  2 bats (D:1)
  3 giant cockroaches (D:1)
  4 hobgoblins (D:1)
  3 kobolds (D:1)
  A quokka (D:1)
  A ball python (D:1)
  2 frilled lizards (D:1)
  2 rats (D:1)
20 creatures vanquished.

Notes
Turn   | Place    | Note
-------+----------+-------------------------------------------
     0 | D:1      | Locuples the Formicid Fighter began the quest for the Orb.
     0 | D:1      | Reached XP level 1. HP: 18/18 MP: 1/1
   134 | D:1      | Reached XP level 2. HP: 21/24 MP: 2/2
   530 | D:1      | Reached XP level 3. HP: 29/30 MP: 3/3
   845 | D:2      | Noticed Natasha
   857 | D:2      | Killed Natasha
   914 | D:2      | Slain by a gnoll

Illustrated notes

Levels and vault maps discovered:
D:1:      tarquinn_simple_flora_water_d, layout_basic, roderic_lattice_a,
          chequers_garden
D:2:      layout_basic, hellmonk_ecumenical_altar_blasted, uniq_natasha

Action                     || total
---------------------------++-------
  Melee: War axe           ||    76
 Armour: Scale mail        ||    41
  Dodge: Dodged            ||    35
  Block: Buckler           ||    24

Table legend: (Time is in decaauts)
 A = Elapsed time spent in this place.
 B = Non-inter-level travel time spent in this place.
 C = Inter-level travel time spent in this place.
 D = Time resting spent in this place.
 E = Time spent auto-exploring this place.
 F = Levels seen in this place.
 G = Mean time per level.
                   A        B        C        D        E       F      G
               +--------+--------+--------+--------+--------+-----+--------+
         Total |    946 |    919 |     27 |     26 |    650 |   2 |  473.0 |
       Dungeon |    946 |    919 |     27 |     26 |    650 |   2 |  473.0 |
               +--------+--------+--------+--------+--------+-----+--------+

Top non-repeatable levels by time:
     D:1: 871 daAuts
     D:2: 74 daAuts
